AoeStats
← Smiley

Coastal Forest

510386281Analyzed
2v2 RM · 2d ago on Sep 30, 2026· 32m 0s· 4 players
Game mode
Random Map
Map size
Medium (4 player)
Population
200
Speed
Normal
Resources
Standard
Victory
Conquest
Starting age
Dark Age
Ending age
Imperial Age
RankedLock teamsTeams togetherTeam positionsShared explorationLock speedFull tech treeHidden civsTurbo modeCheats
Victory
Defeat
🇫🇷 Wei · France
1942
+13
🇨🇭 Huns · Switzerland
1514
+29
🇲🇽 Portuguese · Mexico
1862
-21
🇲🇽 Ethiopians · Mexico
1841
-21
TAG_Sitaux
7:52 Loom
10:06 Feudal Age
10:35 Double-Bit Axe
10:54 Fishing Lines
14:37 Gold Mining
15:46 Bloodlines
20:30 Castle Age
19:31 Scale Barding Armor
19:38 Forging
21:39 Chain Barding Armor
21:29 Bow Saw
21:40 Bow Saw
21:21 Gillnets
23:41 Husbandry
23:53 Horse Collar
24:57 Wheelbarrow
26:33 Gold Shaft Mining
27:14 Iron Casting
26:47 Town Watch
27:07 Heavy Plow
27:37 Hand Cart
28:34 Devotion
30:35 Medium Warships
33:39 Imperial Age
32:07 Stone Mining
Smiley
3:46 Loom
23:19 Feudal Age
31:40 Castle Age
30:21 Double-Bit Axe
hK | FraKTal
6:44 Loom
13:04 Feudal Age
14:20 Town Watch
17:20 Castle Age
16:23 Double-Bit Axe
18:08 Fletching
21:59 Bodkin Arrow
24:43 Bow Saw
FierroFlash
2:07 Loom
11:29 Feudal Age
15:03 Castle Age
Connection lost

Rejoining the realm…

Still unreachable

The connection could not be restored.

Session expired

The server has moved on; the page needs a fresh start.